Map: Néo-Gettysburg EC

Players

zidar - Winner!

  • Race: Zerg Zerg
  • League: Platinum
  • Spawn Location: 5:00

Nathelia

  • Race: Terran Terran
  • League: Gold
  • Spawn Location: 7:00

VOD

Have the link to the VOD?

Description

Time

  • Played on: Nov. 14, 2016, 3:02 p.m.
  • Length: 8:41
Show
View Real Time Build Order
Export as new Build Order

zidar Zerg - Winner!

Build Orders: Hatch First 

Get SALT Encoding   

  12  0:01  Drone  
  13  0:13  Overlord  
  13  0:18  Drone  
  14  0:31  Drone x2  
  16  0:52  Hatchery  
  16  0:56  Drone  
  16  1:00  Extractor  
  16  1:01  Drone  
  16  1:18  Spawning Pool  
  16  1:21  Drone  
  16  1:27  Drone  
  16  1:31  Drone  
  18  1:46  Drone  
  19  2:10  Queen, Roach Warren  
  19  2:11  Queen  
  22  2:16  Drone  
  22  2:19  Drone  
  24  2:30  Zergling x4  
  24  2:31  Zergling x2  
  27  2:43  Drone  
  27  3:03  Overlord x3  
  27  3:24  Spore Crawler  
  27  3:26  Drone x5  
  31  3:39  Spore Crawler  
  30  3:54  Roach x6  
  40  4:14  Roach  
  40  4:15  Roach x4  
  50  4:23  Ravager x2  
  52  4:28  Overlord  
  52  4:51  Roach x4  
  57  5:34  Ravager  
  56  5:41  Ravager  
  45  5:51  Ravager  
  45  5:56  Zergling x28  
  54  6:20  Ravager  
  54  6:25  Extractor  
  51  6:36  Ravager  
  52  6:42  Ravager  
  34  7:22  Roach x7  
  38  8:14  Ravager x2  
  38  8:15  Ravager x2  
Show
View Real Time Build Order
Export as new Build Order

Nathelia Terran 

Build Orders:  

Get SALT Encoding   

  12  0:01  SCV  
  13  0:13  SCV  
  14  0:20  Supply Depot  
  14  0:25  SCV  
  15  0:30  Refinery  
  15  0:44  Barracks  
  15  0:46  SCV  
  16  0:58  SCV  
  17  1:10  SCV  
  18  1:22  SCV  
  19  1:34  Barracks Reactor, SCV  
  20  1:46  SCV  
  21  1:47  Command Center  
  21  2:01  Factory  
  21  2:07  Refinery, SCV  
  22  2:11  Reaper  
  23  2:30  Supply Depot  
  23  2:51  Reaper, SCV  
  23  2:55  Supply Depot  
  23  2:57  Starport  
  25  3:03  SCV  
  25  3:05  Reaper  
  27  3:16  SCV  
  27  3:17  Factory Tech Lab  
  28  3:24  SCV  
  29  3:28  SCV  
  30  3:36  SCV  
  30  3:40  SCV  
  32  3:48  SCV  
  33  4:00  Liberator  
  31  4:12  Marine  
  31  4:13  Marine, Siege Tank  
  38  4:21  Supply Depot  
  39  4:28  Barracks  
  39  4:30  Marine x2  
  41  4:48  Reaper x2  
  43  4:59  SCV  
  44  5:01  SCV  
  45  5:12  SCV  
  45  5:13  SCV  
  45  5:14  Liberator  
  47  5:20  Marine x2  
  47  5:24  SCV  
  43  5:54  Siege Tank  
  41  6:16  Marine x2  
  43  6:29  Orbital Command  
  43  6:33  Marine x2, Siege Tank  
  43  6:38  Starport Reactor  
  48  6:51  Reaper  
  48  6:52  Reaper  
  50  7:00  Liberator  
  50  7:01  Liberator  
  45  7:05  Siege Tank  
  43  7:11  Marine  
  47  7:29  Marine  
  48  7:31  Reaper  
  45  7:46  Marine  
  45  7:47  Hellion  
  52  8:20  Barracks Reactor  
Tags
 
Add a new tag
Caveats
  • Supply blocks, unpowered buildings, or Contaminate may cause inaccurate times.
  • Supply counts are checked every 10 seconds.